Monarchs vs Inferno
Created - March 2, 2018 at 19:14
Goals
|
Monarchs |
0 |
3 |
2 |
5 |
Inferno |
1 |
0 |
1 |
2 |
|
Shots
|
Monarchs |
8 |
17 |
6 |
31 |
Inferno |
10 |
16 |
14 |
40 |
|
1st period
1. Inferno , David Ullstrom 24 (Vladimir Zharkov 45, Mathieu Brodeur 12) at 2:37
Penalties :
Colton Parayko (MAN) for Holding (Minor) at 5:07, Riley Cote (MAN) for Tripping (Minor) at 11:20, Johnny Gaudreau (MAN) for Roughing (Minor) at 15:20
2nd period
2. Monarchs , Chris Tierney 7 (Riley Cote 17, Nail Yakupov 9) at 3:42
3. Monarchs , Eric Wellwood 33 (Tyler Toffoli 36) at 8:38
4. Monarchs , Johnny Gaudreau 2 (Tobias Rieder 21, Bobby Sanguinetti 18) at 12:41
Penalties :
Tobias Rieder (MAN) for Hooking (Minor) at 6:25
3rd period
5. Monarchs , Connor Brown 20 (Eric Wellwood 34, Riley Cote 18) at 4:07
6. Inferno , Vladimir Zharkov 37 (Colby Robak 29, Christian Folin 18) at 7:30
7. Monarchs , Johnny Gaudreau 3 (Hampus Lindholm 44) at 8:28
Penalties :
Ty Wishart (MAN) for Holding (Minor) at 10:04, Ty Wishart (MAN) for Slashing (Minor) at 14:34
Goalie Stats
Matt Murray (MAN), 38 saves from 40 shots - (0.950), W, 10-17-2, 60:00 minutes
Christopher Gibson (Anc), 26 saves from 31 shots - (0.839), L, 14-8-0, 60:00 minutes
Players Stats for Monarchs
Player Name G A P +/- PIM S H SB GA TA FO MP PP MP PK MP
------------------------------------------------------------------------------------
Bobby Sanguinetti 0 1 1 2 0 0 0 0 0 0 0/0 12:45 0:00 0:00
Chris Tierney 1 0 1 1 0 1 0 0 0 1 3/7 14:39 0:00 4:04
Colton Parayko 0 0 0 0 2 2 0 0 1 1 0/0 21:06 0:00 4:02
Connor Brown 1 0 1 0 0 2 1 0 0 0 0/0 14:46 0:00 0:00
Eric Wellwood 1 1 2 0 0 2 4 0 0 0 0/2 19:00 0:00 4:14
Hampus Lindholm 0 1 1 0 0 2 1 2 0 2 0/0 24:23 0:00 7:17
Johnny Gaudreau 2 0 2 2 2 7 2 0 2 0 0/0 17:16 0:00 1:03
Matt Tennyson 0 0 0 1 0 1 2 0 0 1 0/0 25:45 0:00 7:17
Nail Yakupov 0 1 1 1 0 0 3 0 0 0 0/0 10:29 0:00 0:00
Olli Maatta 0 0 0 1 0 1 1 2 0 1 0/0 22:52 0:00 4:37
Pierre-Alexandre Parente 0 0 0 0 0 0 2 1 0 0 0/1 6:37 0:00 0:00
Rickard Rakell 0 0 0 2 0 3 1 0 0 0 16/27 18:41 0:00 2:39
Riley Cote 0 2 2 1 2 4 0 0 0 0 5/7 15:51 0:00 5:11
Tobias Rieder 0 1 1 2 2 2 0 0 0 0 1/1 15:49 0:00 0:00
Tom Pyatt 0 0 0 0 0 2 1 0 1 0 2/4 13:15 0:00 6:37
Ty Wishart 0 0 0 2 4 0 0 2 0 0 0/0 13:23 0:00 0:35
Tyler McNeely 0 0 0 0 0 0 2 0 0 0 0/0 6:37 0:00 0:00
Tyler Toffoli 0 1 1 0 0 2 2 0 0 1 9/21 14:46 0:00 0:00
Players Stats for Inferno
Player Name G A P +/- PIM S H SB GA TA FO MP PP MP PK MP
------------------------------------------------------------------------------------
Anders Lee 0 0 0 -1 0 2 0 0 0 0 6/18 20:08 6:43 0:00
Bryan Rust 0 0 0 -3 0 0 1 2 0 0 0/0 11:26 0:10 0:00
Cal O'Reilly 0 0 0 -3 0 3 1 0 0 0 3/5 11:05 0:00 0:00
Christian Folin 0 1 1 -1 0 4 0 1 0 1 0/0 27:34 7:52 0:00
Colby Robak 0 1 1 -1 0 1 3 1 0 0 0/0 27:34 7:52 0:00
David Ullstrom 1 0 1 1 0 3 0 0 1 0 3/5 23:25 6:43 0:00
Esa Lindell 0 0 0 -2 0 0 2 0 0 1 0/0 19:29 4:02 0:00
Greg Pateryn 0 0 0 -1 0 0 0 0 0 0 0/0 10:06 0:00 0:00
Kyle Palmieri 0 0 0 -1 0 3 3 0 5 1 2/2 18:34 5:01 0:00
Mathieu Brodeur 0 1 1 -1 0 2 0 0 0 0 0/0 22:20 4:02 0:00
Matt Kassian 0 0 0 -1 0 3 2 0 0 0 0/0 13:18 0:00 0:00
Matthew Nieto 0 0 0 0 0 2 0 0 0 0 0/0 7:53 0:10 0:00
Philip Varone 0 0 0 0 0 0 1 0 0 0 1/6 11:51 5:01 0:00
Simon Danis-Pepin 0 0 0 0 0 1 0 1 0 0 0/0 12:57 0:00 0:00
Tanner Pearson 0 0 0 -3 0 4 2 0 1 0 0/0 15:24 5:01 0:00
Tyler Shattock 0 0 0 0 0 0 2 0 0 0 0/0 6:56 0:10 0:00
Vladimir Sobotka 0 0 0 1 0 2 0 0 0 1 17/29 16:35 0:00 0:00
Vladimir Zharkov 1 1 2 1 0 10 4 1 0 0 2/5 23:25 6:43 0:00
3 Stars
1 - Johnny Gaudreau (MAN)
2 - Eric Wellwood (MAN)
3 - Matt Murray (MAN)
Power Play
Monarchs - 0 on 0 Attempt(s) - 0.00%
Inferno - 0 on 6 Attempt(s) - 0.00%
Penalty Kill
Monarchs - 6 on 6 Attempt(s) - 100.00%
- Score 0 goal in Penalty Kill
Inferno - 0 on 0 Attempt(s) - 0.00%
- Score 0 goal in Penalty Kill
Team Stat
Monarchs - Hits : 22 - Faceoff Wins : 36 - Blocked Shots : 7 - Penalty Minutes : 12
Inferno - Hits : 21 - Faceoff Wins : 34 - Blocked Shots : 6 - Penalty Minutes : 0
Official
Referees : Pollock Kevin and Walkom Stephen
Linesman : Michel Cormier and Brad Kovachik
Game Notes
No Game Note
Finance
Level 1 -- Attendance: 1630 (81.50%) -- Ticket Income $65,200
Level 2 -- Attendance: 822 (82.20%) -- Ticket Income $16,440
Total Attendance: 2452 (81.73%)
Total Ticket Income: $81,640
Other Income: $4,082
Total Income: $85,722
Monarchs
5 vs 5 Forward
Center Left Wing Right Wing Time % Phy DF OF
1 Tyler Toffoli Eric Wellwood Connor Brown 35 1 2 2
2 Rickard Rakell Johnny Gaudreau Tobias Rieder 35 0 3 2
3 Chris Tierney Riley Cote Nail Yakupov 25 1 2 2
4 Tom Pyatt Tyler McNeely Pierre-Alexandre Parentea5 1 2 2
5 vs 5 Defense
Defense Defense Time % Phy DF OF
1 Matt Tennyson Olli Maatta 40 1 3 1
2 Hampus Lindholm Colton Parayko 35 1 3 1
3 Ty Wishart Bobby Sanguinetti 25 1 3 1
4 Hampus Lindholm Colton Parayko 0 1 3 1
PowerPlay Forward
Center Left Wing Right Wing Time % Phy DF OF
1 Tyler Toffoli Johnny Gaudreau Connor Brown 60 0 1 4
2 Rickard Rakell Tobias Rieder Nail Yakupov 40 1 1 3
PowerPlay Defense
Defense Defense Time % Phy DF OF
1 Olli Maatta Hampus Lindholm 60 0 2 3
2 Matt Tennyson Eric Wellwood 40 0 2 3
Penalty Kill 4 Players Forward
Center Wing Time % Phy DF OF
1 Riley Cote Tom Pyatt 60 0 4 1
2 Eric Wellwood Chris Tierney 40 0 4 1
Penalty Kill 4 Players Defense
Defense Defense Time % Phy DF OF
1 Hampus Lindholm Matt Tennyson 60 1 4 0
2 Olli Maatta Colton Parayko 40 1 4 0
Penalty Kill - 3 Players Forward
Forward Time % Phy DF OF
1 Riley Cote 60 1 2 2
2 Chris Tierney 40 1 2 2
Penalty Kill - 3 Players Defense
Defense Defense Time % Phy DF OF
1 Matt Tennyson Ty Wishart 60 1 2 2
2 Olli Maatta Colton Parayko 40 1 2 2
4 vs 4 Forward
Center Wing Time % Phy DF OF
1 Johnny Gaudreau Eric Wellwood 60 1 2 2
2 Connor Brown Tyler Toffoli 40 1 2 2
4 vs 4 Defense
Defense Defense Time % Phy DF OF
1 Hampus Lindholm Colton Parayko 60 1 2 2
2 Olli Maatta Matt Tennyson 40 1 2 2
Last Minutes Offensive
Center Left Wing Right Wing Defense Defense
Tyler Toffoli Johnny Gaudreau Connor Brown Hampus Lindholm Matt Tennyson
Last Minutes Defensive
Center Left Wing Right Wing Defense Defense
Chris Tierney Riley Cote Tom Pyatt Olli Maatta Matt Tennyson
Goaltenders
Starting : Matt Murray
Backup : Niklas Backstrom
Extra Forwards
Normal : Nail Yakupov, Johnny Gaudreau, Connor Brown - PP : Riley Cote, Eric Wellwood - PK : Tom Pyatt
Extra Defensemen
Normal : Hampus Lindholm, Olli Maatta, Matt Tennyson - PP : Colton Parayko - PK : Hampus Lindholm, Ty Wishart
Penalty Shots
Tyler McNeely, Riley Cote, Johnny Gaudreau, Pierre-Alexandre Parenteau, Eric Wellwood
Scratches
Christophe Lalancette (Healthy), Morgan Rielly (Broken Bone (Left Leg) Injury), Dalton Smith (Healthy), Ludwig Bystrom (Healthy), Jamie McGinn (Healthy)
Igor Makarov (Healthy), Ryan White (Healthy), Trevor Lewis (Healthy), Anthony Peluso (Healthy), Jake Muzzin (Healthy)
Alec Martinez (Abdominal Strain Injury), Jeff Frazee (Healthy), Tyler Beskorowany (Healthy)
Inferno
5 vs 5 Forward
Center Left Wing Right Wing Time % Phy DF OF
1 Vladimir Sobotka David Ullstrom Vladimir Zharkov 40 1 2 2
2 Anders Lee Matt Kassian Kyle Palmieri 30 1 2 2
3 Cal O'Reilly Tanner Pearson Bryan Rust 20 1 2 2
4 Philip Varone Matthew Nieto Tyler Shattock 10 1 2 2
5 vs 5 Defense
Defense Defense Time % Phy DF OF
1 Colby Robak Christian Folin 40 1 2 2
2 Mathieu Brodeur Esa Lindell 30 1 2 2
3 Greg Pateryn Simon Danis-Pepin 20 1 2 2
4 Mathieu Brodeur Simon Danis-Pepin 10 1 2 2
PowerPlay Forward
Center Left Wing Right Wing Time % Phy DF OF
1 Anders Lee David Ullstrom Vladimir Zharkov 60 1 2 2
2 Philip Varone Tanner Pearson Kyle Palmieri 40 1 2 2
PowerPlay Defense
Defense Defense Time % Phy DF OF
1 Colby Robak Christian Folin 60 1 2 2
2 Mathieu Brodeur Esa Lindell 40 1 2 2
Penalty Kill 4 Players Forward
Center Wing Time % Phy DF OF
1 Vladimir Sobotka David Ullstrom 60 1 2 2
2 Anders Lee Vladimir Zharkov 40 1 2 2
Penalty Kill 4 Players Defense
Defense Defense Time % Phy DF OF
1 Colby Robak Christian Folin 60 1 2 2
2 Mathieu Brodeur Simon Danis-Pepin 40 1 2 2
Penalty Kill - 3 Players Forward
Forward Time % Phy DF OF
1 Vladimir Sobotka 60 1 2 2
2 David Ullstrom 40 1 2 2
Penalty Kill - 3 Players Defense
Defense Defense Time % Phy DF OF
1 Colby Robak Christian Folin 60 1 2 2
2 Mathieu Brodeur Simon Danis-Pepin 40 1 2 2
4 vs 4 Forward
Center Wing Time % Phy DF OF
1 Vladimir Sobotka Kyle Palmieri 60 1 2 2
2 Anders Lee David Ullstrom 40 1 2 2
4 vs 4 Defense
Defense Defense Time % Phy DF OF
1 Colby Robak Christian Folin 60 1 2 2
2 Mathieu Brodeur Esa Lindell 40 1 2 2
Last Minutes Offensive
Center Left Wing Right Wing Defense Defense
Vladimir Sobotka David Ullstrom Vladimir Zharkov Colby Robak Christian Folin
Last Minutes Defensive
Center Left Wing Right Wing Defense Defense
Vladimir Sobotka David Ullstrom Vladimir Zharkov Colby Robak Christian Folin
Goaltenders
Starting : Christopher Gibson
Backup : Michael Hutchinson
Extra Forwards
Normal : Anders Lee, Kyle Palmieri, Bryan Rust - PP : Tanner Pearson, Bryan Rust - PK : Vladimir Zharkov
Extra Defensemen
Normal : Greg Pateryn, Esa Lindell, Simon Danis-Pepin - PP : Esa Lindell - PK : Simon Danis-Pepin, Greg Pateryn
Penalty Shots
Anders Lee, Vladimir Zharkov, Tanner Pearson, Bryan Rust, Matt Kassian
Scratches
Chris Brown (Healthy), Victor Rask (Healthy), Frank Corrado (Healthy), Ryan Spooner (Healthy), Joakim Nordstrom (Healthy)
David Savard (Fractured Bone in Left Hand Injury), Trevor Carrick (Healthy), Petteri Lindbohm (Healthy), Daniil Tarasov (Healthy), Branden Troock (Healthy)
Luca Sbisa (Healthy), Nathan Lieuwen (Healthy)
% Time on Ice - Monarchs
Lines # - Real PCT - Wanted PCT - Time Play
Normal Forward
1 - 32% - 35% - 15:18
2 - 33% - 35% - 15:42
3 - 22% - 25% - 10:29
4 - 14% - 5% - 6:37
Normal Defense
1 - 39% - 40% - 18:59
2 - 34% - 35% - 16:22
3 - 27% - 25% - 12:45
4 - 0% - 0% - 0:00
PP Forward
1 - 0% - 60%
2 - 0% - 40%
PP Defense
1 - 0% - 60%
2 - 0% - 40%
PK Forward
1 - 67% - 60% - 8:01
2 - 33% - 40% - 3:53
PK Defense
1 - 61% - 60% - 7:17
2 - 39% - 40% - 4:37
PK3 Forward
1 - 0% - 60%
2 - 0% - 40%
PK3 Defense
1 - 0% - 60%
2 - 0% - 40%
44 Forward
1 - 0% - 60%
2 - 0% - 40%
44 Defense
1 - 0% - 60%
2 - 0% - 40%
Last Minute Offensive - 0:00
Last Minute Defensive - 0:00
Total
Forward - 60:00
Defense - 60:00
|
% Time on Ice - Inferno
Lines # - Real PCT - Wanted PCT - Time Play
Normal Forward
1 - 35% - 40% - 16:53
2 - 28% - 30% - 13:33
3 - 23% - 20% - 11:05
4 - 14% - 10% - 6:35
Normal Defense
1 - 41% - 40% - 19:42
2 - 32% - 30% - 15:27
3 - 21% - 20% - 10:06
4 - 6% - 10% - 2:51
PP Forward
1 - 58% - 60% - 6:53
2 - 42% - 40% - 5:01
PP Defense
1 - 66% - 60% - 7:52
2 - 34% - 40% - 4:02
PK Forward
1 - 0% - 60%
2 - 0% - 40%
PK Defense
1 - 0% - 60%
2 - 0% - 40%
PK3 Forward
1 - 0% - 60%
2 - 0% - 40%
PK3 Defense
1 - 0% - 60%
2 - 0% - 40%
44 Forward
1 - 0% - 60%
2 - 0% - 40%
44 Defense
1 - 0% - 60%
2 - 0% - 40%
Last Minute Offensive - 0:00
Last Minute Defensive - 0:00
Total
Forward - 60:00
Defense - 60:00
|
Play by Play
1st period
0:01 of 1st period - David Ullstrom wins face-off versus Tyler Toffoli in neutral zone.
0:50 of 1st period - Slapshot by Nail Yakupov.
0:50 of 1st period - Shot Blocked by Bryan Rust.
0:52 of 1st period - Snap shot by Riley Cote.
0:52 of 1st period - Shot Misses the Net.
1:10 of 1st period - Hampus Lindholm is hit by Tyler Shattock and loses puck.
2:17 of 1st period - Wrist shot by Cal O'Reilly.
2:17 of 1st period - Shot Misses the Net.
2:19 of 1st period - Snap shot by Cal O'Reilly.
2:19 of 1st period - Stopped by Matt Murray with a rebound.
2:21 of 1st period - Slapshot by Colby Robak.
2:21 of 1st period - Stopped by Matt Murray without a rebound.
2:22 of 1st period - Tyler Toffoli wins face-off versus Vladimir Sobotka in Monarchs zone.
2:29 of 1st period - Snap shot by Eric Wellwood.
2:29 of 1st period - Shot Blocked by Simon Danis-Pepin.
2:35 of 1st period - Backhand shot by Vladimir Zharkov.
2:35 of 1st period - Stopped by Matt Murray with a rebound.
2:37 of 1st period - Slapshot by David Ullstrom.
2:37 of 1st period - Goal by David Ullstrom - Monarchs : 0 - Inferno : 1.
2:38 of 1st period - Vladimir Sobotka wins face-off versus Rickard Rakell in neutral zone.
3:06 of 1st period - Wrist shot by Anders Lee.
3:06 of 1st period - Shot Misses the Net.
3:22 of 1st period - Wrist shot by Matthew Nieto.
3:22 of 1st period - Shot Misses the Net.
3:32 of 1st period - Snap shot by Matthew Nieto.
3:32 of 1st period - Shot Blocked by Ty Wishart.
4:24 of 1st period - Christian Folin is hit by Pierre-Alexandre Parenteau and loses puck.
4:52 of 1st period - Off-side.
4:53 of 1st period - Tyler Toffoli wins face-off versus Philip Varone in neutral zone.
4:58 of 1st period - Wrist shot by Tyler Toffoli.
4:58 of 1st period - Shot Blocked by Colby Robak.
5:07 of 1st period - Minor Penalty to Colton Parayko for Holding.
5:08 of 1st period - Anders Lee wins face-off versus Riley Cote in Monarchs zone.
5:09 of 1st period - Slapshot by Vladimir Zharkov.
5:09 of 1st period - Shot Misses the Net.
5:26 of 1st period - Icing by Colby Robak.
5:27 of 1st period - Anders Lee wins face-off versus Tom Pyatt in Inferno zone.
5:48 of 1st period - Slapshot by Vladimir Zharkov.
5:48 of 1st period - Stopped by Matt Murray with a rebound.
6:00 of 1st period - Snap shot by Eric Wellwood.
6:00 of 1st period - Shot Misses the Net.
6:02 of 1st period - Snap shot by Eric Wellwood.
6:02 of 1st period - Deflect By Chris Tierney.
6:02 of 1st period - Shot Hit the Post.
6:02 of 1st period - Puck is out of play.
6:03 of 1st period - Riley Cote wins face-off versus Philip Varone in Inferno zone.
7:07 of 1st period - Penalty to Colton Parayko is over, Colton Parayko is back on ice.
7:32 of 1st period - Simon Danis-Pepin is hit by Tyler Toffoli and loses puck.
8:10 of 1st period - Slapshot by Johnny Gaudreau.
8:10 of 1st period - Shot Misses the Net.
8:12 of 1st period - Slapshot by Bobby Sanguinetti.
8:12 of 1st period - Shot Misses the Net.
8:24 of 1st period - Philip Varone is hit by Tom Pyatt and loses puck.
8:31 of 1st period - Philip Varone is hit by Tyler McNeely.
9:16 of 1st period - Mathieu Brodeur is hit by Olli Maatta and loses puck.
9:31 of 1st period - Bryan Rust is hit by Eric Wellwood and loses puck.
9:38 of 1st period - Wrist shot by Connor Brown.
9:38 of 1st period - Shot Misses the Net.
9:48 of 1st period - Bryan Rust is hit by Tyler McNeely and loses puck.
9:53 of 1st period - Snap shot by Pierre-Alexandre Parenteau.
9:53 of 1st period - Shot Misses the Net.
9:55 of 1st period - Snap shot by Tom Pyatt.
9:55 of 1st period - Shot Blocked by Bryan Rust.
9:57 of 1st period - Slapshot by Olli Maatta.
9:57 of 1st period - Stopped by Christopher Gibson with a rebound.
10:51 of 1st period - Backhand shot by Johnny Gaudreau.
10:51 of 1st period - Stopped by Christopher Gibson without a rebound.
10:52 of 1st period - Rickard Rakell wins face-off versus Philip Varone in Inferno zone.
11:20 of 1st period - Minor Penalty to Riley Cote for Tripping.
11:21 of 1st period - Rickard Rakell wins face-off versus Anders Lee in Monarchs zone.
11:29 of 1st period - Off-side.
11:30 of 1st period - Rickard Rakell wins face-off versus Anders Lee in neutral zone.
11:43 of 1st period - Wrist shot by Anders Lee.
11:43 of 1st period - Shot Misses the Net.
11:45 of 1st period - Wrist shot by Colby Robak.
11:45 of 1st period - Deflect By Vladimir Zharkov.
11:45 of 1st period - Stopped by Matt Murray without a rebound.
11:46 of 1st period - Kyle Palmieri wins face-off versus Rickard Rakell in Monarchs zone.
12:01 of 1st period - Slapshot by Kyle Palmieri.
12:01 of 1st period - Stopped by Matt Murray with a rebound.
13:20 of 1st period - Penalty to Riley Cote is over, Riley Cote is back on ice.
13:31 of 1st period - Snap shot by Tyler Toffoli.
13:31 of 1st period - Stopped by Christopher Gibson without a rebound.
13:32 of 1st period - Cal O'Reilly wins face-off versus Tyler Toffoli in Inferno zone.
13:39 of 1st period - Slapshot by Cal O'Reilly.
13:39 of 1st period - Stopped by Matt Murray with a rebound.
13:41 of 1st period - Snap shot by Bryan Rust.
13:41 of 1st period - Deflect By Cal O'Reilly.
13:41 of 1st period - Shot Misses the Net.
13:41 of 1st period - Puck is out of play.
13:42 of 1st period - Tyler Toffoli wins face-off versus Vladimir Sobotka in Monarchs zone.
13:42 of 1st period - Tyler Toffoli is hit by Vladimir Zharkov.
13:52 of 1st period - Wrist shot by Tyler Toffoli.
13:52 of 1st period - Shot Misses the Net.
14:31 of 1st period - Snap shot by Bobby Sanguinetti.
14:31 of 1st period - Shot Hit the Post.
15:11 of 1st period - Snap shot by Johnny Gaudreau.
15:11 of 1st period - Stopped by Christopher Gibson with a rebound.
15:20 of 1st period - Minor Penalty to Johnny Gaudreau for Roughing.
15:21 of 1st period - Riley Cote wins face-off versus Anders Lee in Monarchs zone.
16:02 of 1st period - Olli Maatta is hit by Vladimir Zharkov and loses puck.
17:07 of 1st period - Icing by Kyle Palmieri.
17:08 of 1st period - Rickard Rakell wins face-off versus Philip Varone in Inferno zone.
17:20 of 1st period - Penalty to Johnny Gaudreau is over, Johnny Gaudreau is back on ice.
18:19 of 1st period - Wrist shot by Riley Cote.
18:19 of 1st period - Stopped by Christopher Gibson with a rebound.
18:21 of 1st period - Wrist shot by Chris Tierney.
18:21 of 1st period - Shot Misses the Net.
18:37 of 1st period - Wrist shot by Johnny Gaudreau.
18:37 of 1st period - Stopped by Christopher Gibson with a rebound.
18:57 of 1st period - Icing by Tom Pyatt.
18:58 of 1st period - Tom Pyatt wins face-off versus Anders Lee in Monarchs zone.
19:06 of 1st period - Off-side.
19:07 of 1st period - Rickard Rakell wins face-off versus David Ullstrom in neutral zone.
19:14 of 1st period - Snap shot by Johnny Gaudreau.
19:14 of 1st period - Shot Misses the Net.
19:16 of 1st period - Slapshot by Colton Parayko.
19:16 of 1st period - Stopped by Christopher Gibson with a rebound.
19:40 of 1st period - Snap shot by Tanner Pearson.
19:40 of 1st period - Stopped by Matt Murray with a rebound.
19:42 of 1st period - Slapshot by Colby Robak.
19:42 of 1st period - Shot Blocked by Hampus Lindholm.
19:44 of 1st period - Slapshot by Christian Folin.
19:44 of 1st period - Stopped by Matt Murray without a rebound.
19:45 of 1st period - Chris Tierney wins face-off versus Vladimir Sobotka in Monarchs zone.
19:50 of 1st period - Esa Lindell is hit by Nail Yakupov and loses puck.
19:55 of 1st period - Wrist shot by Riley Cote.
19:55 of 1st period - Stopped by Christopher Gibson without a rebound.
19:56 of 1st period - Rickard Rakell wins face-off versus Vladimir Zharkov in Inferno zone.
Goals for this period are 0 for Monarchs vs 1 for Inferno.
Shots for this period are 8 for Monarchs vs 10 for Inferno.
2nd period
0:01 of 2nd period - Vladimir Sobotka wins face-off versus Rickard Rakell in neutral zone.
0:26 of 2nd period - Olli Maatta is hit by Cal O'Reilly and loses puck.
0:48 of 2nd period - Wrist shot by Matt Kassian.
0:48 of 2nd period - Shot Misses the Net.
0:52 of 2nd period - Snap shot by Matt Kassian.
0:52 of 2nd period - Shot Blocked by Hampus Lindholm.
1:30 of 2nd period - Wrist shot by Philip Varone.
1:30 of 2nd period - Deflect By Matthew Nieto.
1:30 of 2nd period - Shot Misses the Net.
1:30 of 2nd period - Puck is out of play.
1:31 of 2nd period - Tom Pyatt wins face-off versus Philip Varone in Monarchs zone.
1:31 of 2nd period - Tom Pyatt is hit by Philip Varone.
1:55 of 2nd period - Snap shot by Tom Pyatt.
1:55 of 2nd period - Stopped by Christopher Gibson with a rebound.
1:57 of 2nd period - Snap shot by Tom Pyatt.
1:57 of 2nd period - Stopped by Christopher Gibson without a rebound.
1:58 of 2nd period - Tyler Toffoli wins face-off versus Vladimir Sobotka in Inferno zone.
2:11 of 2nd period - Slapshot by Vladimir Zharkov.
2:11 of 2nd period - Stopped by Matt Murray with a rebound.
2:14 of 2nd period - Icing by Hampus Lindholm.
2:15 of 2nd period - Kyle Palmieri wins face-off versus Tyler Toffoli in Monarchs zone.
2:20 of 2nd period - Wrist shot by Kyle Palmieri.
2:20 of 2nd period - Stopped by Matt Murray without a rebound.
2:21 of 2nd period - Rickard Rakell wins face-off versus Anders Lee in Monarchs zone.
2:21 of 2nd period - Rickard Rakell is hit by Colby Robak.
2:32 of 2nd period - Slapshot by Kyle Palmieri.
2:32 of 2nd period - Deflect By Matt Kassian.
2:32 of 2nd period - Shot Misses the Net.
2:32 of 2nd period - Puck is out of play.
2:33 of 2nd period - Vladimir Sobotka wins face-off versus Tyler Toffoli in Monarchs zone.
2:48 of 2nd period - Slapshot by Christian Folin.
2:48 of 2nd period - Stopped by Matt Murray without a rebound.
2:49 of 2nd period - Rickard Rakell wins face-off versus Anders Lee in Monarchs zone.
3:42 of 2nd period - Slapshot by Riley Cote.
3:42 of 2nd period - Deflect By Chris Tierney.
3:42 of 2nd period - Goal by Chris Tierney - Monarchs : 1 - Inferno : 1.
3:43 of 2nd period - Vladimir Sobotka wins face-off versus Rickard Rakell in neutral zone.
3:50 of 2nd period - Vladimir Sobotka is hit by Johnny Gaudreau and loses puck.
4:36 of 2nd period - Riley Cote is hit by Tanner Pearson and loses puck.
4:49 of 2nd period - Snap shot by Hampus Lindholm.
4:49 of 2nd period - Shot Misses the Net.
4:51 of 2nd period - Slapshot by Tyler McNeely.
4:51 of 2nd period - Shot Misses the Net.
4:53 of 2nd period - Slapshot by Colton Parayko.
4:53 of 2nd period - Shot Misses the Net.
4:55 of 2nd period - Slapshot by Colton Parayko.
4:55 of 2nd period - Deflect By Simon Danis-Pepin.
4:55 of 2nd period - Stopped by Christopher Gibson with a rebound.
4:57 of 2nd period - Wrist shot by Tom Pyatt.
4:57 of 2nd period - Shot Misses the Net.
4:59 of 2nd period - Slapshot by Colton Parayko.
4:59 of 2nd period - Shot Misses the Net.
5:01 of 2nd period - Slapshot by Hampus Lindholm.
5:01 of 2nd period - Stopped by Christopher Gibson without a rebound.
5:02 of 2nd period - Rickard Rakell wins face-off versus David Ullstrom in Inferno zone.
5:36 of 2nd period - Wrist shot by Eric Wellwood.
5:36 of 2nd period - Shot Misses the Net.
6:05 of 2nd period - Icing by Tom Pyatt.
6:06 of 2nd period - Vladimir Sobotka wins face-off versus Tom Pyatt in Monarchs zone.
6:07 of 2nd period - Wrist shot by David Ullstrom.
6:07 of 2nd period - Stopped by Matt Murray with a rebound.
6:09 of 2nd period - Snap shot by Vladimir Sobotka.
6:09 of 2nd period - Stopped by Matt Murray with a rebound.
6:11 of 2nd period - Slapshot by Mathieu Brodeur.
6:11 of 2nd period - Shot Blocked by Olli Maatta.
6:13 of 2nd period - Snap shot by David Ullstrom.
6:13 of 2nd period - Shot Blocked by Olli Maatta.
6:15 of 2nd period - Slapshot by Mathieu Brodeur.
6:15 of 2nd period - Deflect By David Ullstrom.
6:15 of 2nd period - Stopped by Matt Murray with a rebound.
6:17 of 2nd period - Slapshot by Vladimir Sobotka.
6:17 of 2nd period - Shot Blocked by Pierre-Alexandre Parenteau.
6:19 of 2nd period - Snap shot by Vladimir Zharkov.
6:19 of 2nd period - Shot Misses the Net.
6:21 of 2nd period - Slapshot by Mathieu Brodeur.
6:21 of 2nd period - Stopped by Matt Murray without a rebound.
6:22 of 2nd period - Vladimir Sobotka wins face-off versus Rickard Rakell in Monarchs zone.
6:23 of 2nd period - Wrist shot by Vladimir Zharkov.
6:23 of 2nd period - Stopped by Matt Murray with a rebound.
6:25 of 2nd period - Minor Penalty to Tobias Rieder for Hooking.
6:26 of 2nd period - Riley Cote wins face-off versus Anders Lee in Monarchs zone.
8:25 of 2nd period - Penalty to Tobias Rieder is over, Tobias Rieder is back on ice.
8:26 of 2nd period - Tobias Rieder is hit by Tyler Shattock.
8:32 of 2nd period - Wrist shot by Johnny Gaudreau.
8:32 of 2nd period - Stopped by Christopher Gibson without a rebound.
8:33 of 2nd period - Cal O'Reilly wins face-off versus Tyler Toffoli in Inferno zone.
8:38 of 2nd period - Wrist shot by Eric Wellwood.
8:38 of 2nd period - Goal by Eric Wellwood - Monarchs : 2 - Inferno : 1.
8:39 of 2nd period - Vladimir Sobotka wins face-off versus Rickard Rakell in neutral zone.
8:51 of 2nd period - Wrist shot by Johnny Gaudreau.
8:51 of 2nd period - Shot Misses the Net.
8:53 of 2nd period - Slapshot by Johnny Gaudreau.
8:53 of 2nd period - Shot Blocked by Christian Folin.
8:55 of 2nd period - Wrist shot by Johnny Gaudreau.
8:55 of 2nd period - Stopped by Christopher Gibson with a rebound.
9:14 of 2nd period - Wrist shot by Anders Lee.
9:14 of 2nd period - Stopped by Matt Murray with a rebound.
9:28 of 2nd period - Colton Parayko is hit by Tanner Pearson and loses puck.
9:33 of 2nd period - Slapshot by Tanner Pearson.
9:33 of 2nd period - Stopped by Matt Murray without a rebound.
9:34 of 2nd period - Vladimir Zharkov wins face-off versus Rickard Rakell in Monarchs zone.
10:20 of 2nd period - Icing by Kyle Palmieri.
10:21 of 2nd period - Anders Lee wins face-off versus Chris Tierney in Inferno zone.
11:07 of 2nd period - Connor Brown is hit by Kyle Palmieri.
11:48 of 2nd period - Off-side.
11:49 of 2nd period - Philip Varone wins face-off versus Chris Tierney in neutral zone.
12:27 of 2nd period - Wrist shot by Matthew Nieto.
12:27 of 2nd period - Shot Misses the Net.
12:29 of 2nd period - Snap shot by Christian Folin.
12:29 of 2nd period - Stopped by Matt Murray with a rebound.
12:31 of 2nd period - Snap shot by Matthew Nieto.
12:31 of 2nd period - Stopped by Matt Murray without a rebound.
12:32 of 2nd period - Vladimir Sobotka wins face-off versus Rickard Rakell in Monarchs zone.
12:33 of 2nd period - Snap shot by David Ullstrom.
12:33 of 2nd period - Shot Misses the Net.
12:41 of 2nd period - Snap shot by Johnny Gaudreau.
12:41 of 2nd period - Goal by Johnny Gaudreau - Monarchs : 3 - Inferno : 1.
12:42 of 2nd period - Rickard Rakell wins face-off versus Vladimir Sobotka in neutral zone.
13:10 of 2nd period - Icing by Tyler Toffoli.
13:11 of 2nd period - Tyler Toffoli wins face-off versus Anders Lee in Monarchs zone.
13:26 of 2nd period - Slapshot by Hampus Lindholm.
13:26 of 2nd period - Stopped by Christopher Gibson with a rebound.
13:38 of 2nd period - Wrist shot by Rickard Rakell.
13:38 of 2nd period - Stopped by Christopher Gibson with a rebound.
13:42 of 2nd period - Backhand shot by Rickard Rakell.
13:42 of 2nd period - Shot Misses the Net.
13:44 of 2nd period - Wrist shot by Tobias Rieder.
13:44 of 2nd period - Stopped by Christopher Gibson without a rebound.
13:45 of 2nd period - Tyler Toffoli wins face-off versus Vladimir Sobotka in Inferno zone.
14:22 of 2nd period - Slapshot by Matt Kassian.
14:22 of 2nd period - Stopped by Matt Murray with a rebound.
14:24 of 2nd period - Snap shot by Matt Kassian.
14:24 of 2nd period - Stopped by Matt Murray with a rebound.
14:43 of 2nd period - Snap shot by Riley Cote.
14:43 of 2nd period - Stopped by Christopher Gibson without a rebound.
14:44 of 2nd period - David Ullstrom wins face-off versus Tyler Toffoli in Inferno zone.
15:18 of 2nd period - Chris Tierney is hit by Esa Lindell and loses puck.
15:41 of 2nd period - Wrist shot by Rickard Rakell.
15:41 of 2nd period - Shot Misses the Net.
15:59 of 2nd period - Bobby Sanguinetti is hit by Colby Robak and loses puck.
16:18 of 2nd period - Snap shot by David Ullstrom.
16:18 of 2nd period - Deflect By Vladimir Sobotka.
16:18 of 2nd period - Stopped by Matt Murray without a rebound.
16:19 of 2nd period - Rickard Rakell wins face-off versus Vladimir Sobotka in Monarchs zone.
17:49 of 2nd period - Off-side.
17:50 of 2nd period - Rickard Rakell wins face-off versus Cal O'Reilly in neutral zone.
17:59 of 2nd period - Slapshot by Johnny Gaudreau.
17:59 of 2nd period - Shot Misses the Net.
18:40 of 2nd period - Slapshot by Hampus Lindholm.
18:40 of 2nd period - Shot Misses the Net.
18:42 of 2nd period - Wrist shot by Riley Cote.
18:42 of 2nd period - Stopped by Christopher Gibson without a rebound.
18:43 of 2nd period - Rickard Rakell wins face-off versus Vladimir Sobotka in Inferno zone.
18:54 of 2nd period - Slapshot by Johnny Gaudreau.
18:54 of 2nd period - Shot Blocked by Vladimir Zharkov.
18:56 of 2nd period - Snap shot by Rickard Rakell.
18:56 of 2nd period - Stopped by Christopher Gibson with a rebound.
18:58 of 2nd period - Snap shot by Rickard Rakell.
18:58 of 2nd period - Stopped by Christopher Gibson without a rebound.
18:59 of 2nd period - Anders Lee wins face-off versus Tyler Toffoli in Inferno zone.
18:59 of 2nd period - Anders Lee is hit by Eric Wellwood.
19:06 of 2nd period - Colby Robak is hit by Eric Wellwood and loses puck.
19:10 of 2nd period - Christian Folin is hit by Matt Tennyson and loses puck.
19:30 of 2nd period - Snap shot by Johnny Gaudreau.
19:30 of 2nd period - Shot Misses the Net.
19:32 of 2nd period - Snap shot by Johnny Gaudreau.
19:32 of 2nd period - Shot Misses the Net.
19:34 of 2nd period - Snap shot by Matt Tennyson.
19:34 of 2nd period - Stopped by Christopher Gibson with a rebound.
19:36 of 2nd period - Slapshot by Olli Maatta.
19:36 of 2nd period - Deflect By Tobias Rieder.
19:36 of 2nd period - Shot Misses the Net.
19:36 of 2nd period - Puck is out of play.
19:37 of 2nd period - Anders Lee wins face-off versus Chris Tierney in Inferno zone.
19:50 of 2nd period - Snap shot by Kyle Palmieri.
19:50 of 2nd period - Stopped by Matt Murray without a rebound.
19:51 of 2nd period - Rickard Rakell wins face-off versus Vladimir Sobotka in Monarchs zone.
Goals for this period are 3 for Monarchs vs 0 for Inferno.
Shots for this period are 17 for Monarchs vs 16 for Inferno.
3rd period
0:01 of 3rd period - Vladimir Sobotka wins face-off versus Eric Wellwood in neutral zone.
0:15 of 3rd period - Off-side.
0:16 of 3rd period - Rickard Rakell wins face-off versus Anders Lee in neutral zone.
1:35 of 3rd period - Colton Parayko is hit by Esa Lindell and loses puck.
2:14 of 3rd period - Wrist shot by Matt Kassian.
2:14 of 3rd period - Stopped by Matt Murray with a rebound.
2:16 of 3rd period - Snap shot by Greg Pateryn.
2:16 of 3rd period - Shot Blocked by Ty Wishart.
2:18 of 3rd period - Snap shot by Simon Danis-Pepin.
2:18 of 3rd period - Stopped by Matt Murray without a rebound.
2:19 of 3rd period - Tyler Toffoli wins face-off versus Vladimir Zharkov in Monarchs zone.
2:44 of 3rd period - Rickard Rakell is hit by Kyle Palmieri and loses puck.
3:16 of 3rd period - Wrist shot by Matthew Nieto.
3:16 of 3rd period - Stopped by Matt Murray without a rebound.
3:17 of 3rd period - Vladimir Zharkov wins face-off versus Tyler Toffoli in Monarchs zone.
3:22 of 3rd period - Wrist shot by Vladimir Zharkov.
3:22 of 3rd period - Stopped by Matt Murray with a rebound.
3:30 of 3rd period - Slapshot by Tyler Toffoli.
3:30 of 3rd period - Stopped by Christopher Gibson without a rebound.
3:31 of 3rd period - Vladimir Sobotka wins face-off versus Chris Tierney in Inferno zone.
3:33 of 3rd period - Icing by Christian Folin.
3:34 of 3rd period - Chris Tierney wins face-off versus Vladimir Sobotka in Inferno zone.
4:07 of 3rd period - Slapshot by Connor Brown.
4:07 of 3rd period - Goal by Connor Brown - Monarchs : 4 - Inferno : 1.
4:08 of 3rd period - Vladimir Sobotka wins face-off versus Rickard Rakell in neutral zone.
4:24 of 3rd period - Snap shot by Vladimir Zharkov.
4:24 of 3rd period - Shot Misses the Net.
4:30 of 3rd period - Vladimir Zharkov is hit by Matt Tennyson and loses puck.
5:08 of 3rd period - Off-side.
5:09 of 3rd period - Cal O'Reilly wins face-off versus Pierre-Alexandre Parenteau in neutral zone.
5:14 of 3rd period - Snap shot by Tanner Pearson.
5:14 of 3rd period - Stopped by Matt Murray with a rebound.
5:29 of 3rd period - Off-side.
5:30 of 3rd period - Vladimir Sobotka wins face-off versus Rickard Rakell in neutral zone.
5:34 of 3rd period - Off-side.
5:35 of 3rd period - Rickard Rakell wins face-off versus Vladimir Sobotka in neutral zone.
5:49 of 3rd period - Snap shot by Tobias Rieder.
5:49 of 3rd period - Stopped by Christopher Gibson with a rebound.
6:06 of 3rd period - Nail Yakupov is hit by Matt Kassian.
6:07 of 3rd period - Icing by Nail Yakupov.
6:08 of 3rd period - Chris Tierney wins face-off versus Anders Lee in Monarchs zone.
6:58 of 3rd period - Snap shot by Riley Cote.
6:58 of 3rd period - Shot Misses the Net.
7:16 of 3rd period - Wrist shot by Cal O'Reilly.
7:16 of 3rd period - Shot Misses the Net.
7:18 of 3rd period - Slapshot by Mathieu Brodeur.
7:18 of 3rd period - Stopped by Matt Murray without a rebound.
7:19 of 3rd period - Vladimir Sobotka wins face-off versus Tyler Toffoli in Monarchs zone.
7:30 of 3rd period - Backhand shot by Colby Robak.
7:30 of 3rd period - Deflect By Vladimir Zharkov.
7:30 of 3rd period - Goal by Vladimir Zharkov - Monarchs : 4 - Inferno : 2.
7:31 of 3rd period - Vladimir Sobotka wins face-off versus Tyler Toffoli in neutral zone.
7:36 of 3rd period - Wrist shot by Vladimir Zharkov.
7:36 of 3rd period - Stopped by Matt Murray without a rebound.
7:37 of 3rd period - Vladimir Sobotka wins face-off versus Eric Wellwood in Monarchs zone.
7:44 of 3rd period - Snap shot by Vladimir Zharkov.
7:44 of 3rd period - Stopped by Matt Murray without a rebound.
7:45 of 3rd period - Vladimir Sobotka wins face-off versus Rickard Rakell in Monarchs zone.
8:20 of 3rd period - Slapshot by Hampus Lindholm.
8:20 of 3rd period - Shot Misses the Net.
8:22 of 3rd period - Slapshot by Hampus Lindholm.
8:22 of 3rd period - Shot Hit the Post.
8:28 of 3rd period - Wrist shot by Johnny Gaudreau.
8:28 of 3rd period - Goal by Johnny Gaudreau - Monarchs : 5 - Inferno : 2.
8:29 of 3rd period - David Ullstrom wins face-off versus Tyler Toffoli in neutral zone.
8:54 of 3rd period - Kyle Palmieri is hit by Nail Yakupov and loses puck.
8:59 of 3rd period - Wrist shot by Hampus Lindholm.
8:59 of 3rd period - Shot Misses the Net.
9:16 of 3rd period - Christian Folin is hit by Johnny Gaudreau and loses puck.
9:23 of 3rd period - Wrist shot by Tanner Pearson.
9:23 of 3rd period - Stopped by Matt Murray with a rebound.
9:25 of 3rd period - Slapshot by Christian Folin.
9:25 of 3rd period - Shot Misses the Net.
9:27 of 3rd period - Slapshot by Christian Folin.
9:27 of 3rd period - Stopped by Matt Murray without a rebound.
9:28 of 3rd period - Tyler Toffoli wins face-off versus Vladimir Sobotka in Monarchs zone.
9:28 of 3rd period - Tyler Toffoli is hit by Vladimir Zharkov.
10:04 of 3rd period - Minor Penalty to Ty Wishart for Holding.
10:05 of 3rd period - Riley Cote wins face-off versus Anders Lee in Monarchs zone.
10:09 of 3rd period - Wrist shot by Vladimir Zharkov.
10:09 of 3rd period - Stopped by Matt Murray with a rebound.
10:11 of 3rd period - Slapshot by Christian Folin.
10:11 of 3rd period - Deflect By Anders Lee.
10:11 of 3rd period - Stopped by Matt Murray without a rebound.
10:12 of 3rd period - Riley Cote wins face-off versus Anders Lee in Monarchs zone.
11:55 of 3rd period - Philip Varone is hit by Rickard Rakell and loses puck.
12:04 of 3rd period - Penalty to Ty Wishart is over, Ty Wishart is back on ice.
12:18 of 3rd period - Wrist shot by Eric Wellwood.
12:18 of 3rd period - Stopped by Christopher Gibson without a rebound.
12:19 of 3rd period - Tyler Toffoli wins face-off versus Cal O'Reilly in Inferno zone.
12:20 of 3rd period - Slapshot by Connor Brown.
12:20 of 3rd period - Stopped by Christopher Gibson with a rebound.
12:52 of 3rd period - Snap shot by Johnny Gaudreau.
12:52 of 3rd period - Shot Misses the Net.
13:02 of 3rd period - Olli Maatta is hit by Vladimir Zharkov and loses puck.
13:40 of 3rd period - Tyler Toffoli is hit by Bryan Rust.
13:59 of 3rd period - Wrist shot by Cal O'Reilly.
13:59 of 3rd period - Stopped by Matt Murray without a rebound.
14:00 of 3rd period - Tobias Rieder wins face-off versus Vladimir Zharkov in Monarchs zone.
14:27 of 3rd period - Colby Robak is hit by Tyler Toffoli.
14:34 of 3rd period - Minor Penalty to Ty Wishart for Slashing.
14:35 of 3rd period - Anders Lee wins face-off versus Riley Cote in Monarchs zone.
15:43 of 3rd period - Tom Pyatt is hit by Kyle Palmieri and loses puck.
16:09 of 3rd period - Philip Varone is hit by Eric Wellwood and loses puck.
16:34 of 3rd period - Penalty to Ty Wishart is over, Ty Wishart is back on ice.
16:40 of 3rd period - Matt Tennyson is hit by Colby Robak and loses puck.
17:20 of 3rd period - Simon Danis-Pepin is hit by Pierre-Alexandre Parenteau and loses puck.
18:11 of 3rd period - Snap shot by Eric Wellwood.
18:11 of 3rd period - Deflect By Tyler Toffoli.
18:11 of 3rd period - Shot Misses the Net.
18:11 of 3rd period - Puck is out of play.
18:12 of 3rd period - Vladimir Sobotka wins face-off versus Tyler Toffoli in Inferno zone.
18:12 of 3rd period - Vladimir Sobotka is hit by Connor Brown.
18:28 of 3rd period - Kyle Palmieri is hit by Nail Yakupov.
18:34 of 3rd period - Olli Maatta is hit by Matt Kassian and loses puck.
19:55 of 3rd period - Christian Folin is hit by Hampus Lindholm and loses puck.
Goals for this period are 2 for Monarchs vs 1 for Inferno.
Shots for this period are 6 for Monarchs vs 14 for Inferno.
Back to the Top